 Dungeon Crawl Stone Soup version 0.21-a0-351-g38363bb (webtiles) character file.

10718 tidbits the Thaumaturge (level 11, 9/83 HPs)
             Began as a Gnoll Wanderer on Oct 9, 2017.
             Was an Elder of Makhleb.
             Quit the game on level 10 of the Dungeon.
             The game lasted 00:44:46 (4621 turns).

tidbits the Thaumaturge (Gnoll Wanderer)            Turns: 4621, Time: 00:44:47

Health: 9/83       AC: 13    Str: 12    XL:     11   Next: 66%
Magic:  12/24      EV: 14    Int: 23    God:    Makhleb [****..]
Gold:   517        SH:  5    Dex: 14    Spells: 25/29 levels left

rFire    . . .     SeeInvis +   e - +2 flail (drain)
rCold    + . .     Gourm    .   D - +0 buckler
rNeg     . . .     Faith    .   S - +3 ring mail "Daappiri" {Str-3 Int+7}
rPois    +         Spirit   .   (no helmet)
rElec    .         Reflect  .   C - +2 cloak of the Thief {+Fog Slay-2 SInv Stlth+}
rCorr    .         Harm     .   G - +0 pair of gloves
MR       .....                  (no boots)
Stlth    ++++......             (no amulet)
HPRegen  0.23/turn              (no ring)
MPRegen  0.19/turn              (no ring)

@: slowed, heavily drained, very slow
A: distributed training, fangs 1, talons 1, clumsy 1, cold resistance 1, poison
resistance, strong nose
a: Minor Destruction, Lesser Servant of Makhleb, Major Destruction, Renounce
Religion, Evoke Fog


You were on level 10 of the Dungeon.
You worshipped Makhleb.
Makhleb was greatly pleased with you.
You were not hungry.

You visited 2 branches of the dungeon, and saw 11 of its levels.

You collected 517 gold pieces.

Inventory:

Hand Weapons
 d - a +1 dagger of venom
   (You took it off a goblin on level 1 of the Dungeon)
 e - a +2 flail of draining (weapon)
   (You took it off an orc priest on level 10 of the Dungeon)
 l - a +0 short sword of draining
   (You found it on level 1 of the Dungeon)
 E - a +1 mace of protection
   (You took it off an orc on level 3 of the Dungeon)
 J - a +1 hand axe of draining
   (You took it off an orc priest on level 5 of the Dungeon)
 K - a +0 blowgun
 M - a +4 dire flail
 Q - a +2 trident of piercing
   (You found it on level 9 of the Dungeon)
 Y - a +0 war axe
Missiles
 q - 7 tomahawks of returning (quivered)
 s - 224 stones
 y - 10 tomahawks
 I - 197 arrows
 Z - 2 curare-tipped needles
Armour
 k - a +0 chain mail
 A - a +0 ring mail
 B - a +1 robe of magic resistance
   (You took it off an orc wizard on level 5 of the Dungeon)
 C - the +2 cloak of the Thief (worn) {+Fog Slay-2 SInv Stlth+}
   (You found it on level 8 of the Dungeon)

   It affects your accuracy and damage with ranged weapons and melee attacks
   (-2).
   It lets you see invisible.
   It makes you more stealthy.
 D - a +0 buckler (worn)
 G - a +0 pair of gloves (worn)
 S - the +3 ring mail "Daappiri" (worn) {Str-3 Int+7}
   (You found it on level 9 of the Dungeon)

   It affects your strength (-3).
   It affects your intelligence (+7).
 T - a +0 cloak
 W - a +1 leather armour of magic resistance
   (You found it on level 9 of the Dungeon)
Jewellery
 w - an uncursed ring of fire
   (You found it on level 2 of the Dungeon)
Wands
 a - a wand of polymorph (12/24)
 j - a wand of flame (10/48)
 F - a wand of clouds (0/9)
 H - a wand of lightning (0/15)
 R - a wand of confusion (0/48)
Scrolls
 f - a scroll of enchant armour {unknown}
 h - 2 scrolls of amnesia
 m - 2 scrolls of immolation
 r - 8 scrolls of remove curse
 t - a scroll of recharging {unknown}
 u - a scroll of random uselessness {unknown}
 v - a scroll of fear {unknown}
 x - a scroll of teleportation
 O - a scroll of identify
 P - a scroll of vulnerability {unknown}
 U - a scroll of enchant weapon {unknown}
Potions
 g - a potion of magic
 i - 8 potions of curing
 o - a potion of heal wounds
 z - 2 potions of agility
 L - a potion of might
 N - a potion of flight {unknown}
 V - a potion of ambrosia {unknown}
Comestibles
 b - a chunk of flesh
 c - 4 bread rations
 n - 11 royal jellies
 p - 8 meat rations


   Skills:
 + Level 6.4(4.8) Fighting
 + Level 6.4(4.8) Short Blades
 + Level 6.4(4.8) Long Blades
 + Level 6.4(4.8) Axes
 + Level 6.4(4.8) Maces & Flails
 + Level 6.9(5.3) Polearms
 + Level 6.4(4.8) Staves
 + Level 6.4(4.8) Slings
 + Level 6.4(4.8) Bows
 + Level 6.4(4.8) Crossbows
 + Level 6.4(4.8) Throwing
 + Level 6.4(4.8) Armour
 + Level 7.9(6.3) Dodging
 + Level 8.9(7.2) Stealth
 + Level 6.4(4.8) Shields
 + Level 6.4(4.8) Unarmed Combat
 + Level 9.6(7.9) Spellcasting
 + Level 6.4(4.8) Conjurations
 + Level 6.4(4.8) Hexes
 + Level 6.4(4.8) Charms
 + Level 6.4(4.8) Summonings
 + Level 6.4(4.8) Necromancy
 + Level 6.4(4.8) Translocations
 + Level 6.4(4.8) Transmutations
 + Level 6.4(4.8) Fire Magic
 + Level 6.4(4.8) Ice Magic
 + Level 6.4(4.8) Air Magic
 + Level 6.4(4.8) Earth Magic
 + Level 6.4(4.8) Poison Magic
 + Level 6.4(4.8) Invocations
 + Level 6.9(5.3) Evocations


You had 25 spell levels left.
You knew the following spells:

 Your Spells              Type           Power        Failure   Level  Hunger
s - Stone Arrow           Conj/Erth      ####..       6%          3    None
z - Sandblast             Erth           ####..       1%          1    None


Dungeon Overview and Level Annotations

Branches:
Dungeon (10/15)            Temple (1/1) D:4
   Lair: D:8-11         Orc: D:9-12

Altars:
Ashenzari
Dithmenos
Elyvilon
Fedhas
Gozag
Kikubaaqudgha
Makhleb
Nemelex Xobeh
Okawaru
Ru
Sif Muna
Uskayaw
Vehumet
The Shining One
Beogh

Annotations:
D:3 Natasha


Innate Abilities, Weirdness & Mutations

Your experience applies equally to all skills.
You have very sharp teeth.
Your uncanny sense of smell can sniff out nearby items.
You have sharp toenails.
You are clumsy. (Dex -2)
Your flesh is cold resistant. (rC+)
Your system is resistant to poisons. (rPois)


Message History

Some of the chunks of flesh in your inventory have rotted away.
You barely miss the wraith. You claw the wraith, but do no damage.
The wraith is moderately damaged.
The wraith hits you but does no damage.
You hit the wraith but do no damage. Your kick misses the wraith.
The wraith is moderately damaged.
You block the wraith's attack.
You closely miss the wraith. You claw the wraith, but do no damage.
The wraith is moderately damaged.
The wraith misses you.
You hit the wraith. Your kick misses the wraith. Your bite misses the wraith.
The wraith is moderately damaged.
The wraith barely misses you.
You barely miss the wraith. Your kick misses the wraith.
The wraith is moderately damaged.
The wraith closely misses you. The wraith misses you.
You hit the wraith. Your kick misses the wraith.
The wraith is moderately damaged.
The wraith hits you but does no damage.
Your ring mail "Daappiri" prevents you from hitting the wraith.
The wraith is moderately damaged.
The wraith closely misses you.
You hit the wraith but do no damage.
The wraith is moderately damaged.
The wraith hits you! The wraith drains your vigour!
You feel yourself slow down.
You hit the wraith. You bite the wraith, but do no damage.
The wraith is heavily damaged.
The wraith hits you but does no damage. The wraith hits you!
* * * LOW HITPOINT WARNING * * *
The wraith drains your vigour!
You feel as though you will be slow longer.
You closely miss the wraith. Your kick misses the wraith.
The wraith is heavily damaged.
The wraith barely misses you.
You hit the wraith but do no damage. Your kick misses the wraith.
You bite the wraith, but do no damage.
The wraith is heavily damaged.
The wraith hits you but does no damage. The wraith barely misses you.
You hit the wraith but do no damage. You claw the wraith, but do no damage.
The wraith is heavily damaged.
The wraith hits you!
* * * LOW HITPOINT WARNING * * *
The wraith hits you!
* * * LOW HITPOINT WARNING * * *
Okay, then.
As you read the scroll labeled NAHITA ARRE, it crumbles to dust.
You feel strangely unstable.
It was a scroll of teleportation.
The wraith barely misses you. The wraith hits you!
* * * LOW HITPOINT WARNING * * *
Your surroundings suddenly seem different.
Found a stone staircase leading down.
O - a scroll of identify You feel yourself speed up.
The wraith hits you but does no damage.
Found an emerald ring.
Evoke which item? (* to show all) (? for menu, Esc to quit)
Aiming: Confuse
Press: ? - help, Shift-Dir - straight line, f/p - wraith
Aim: a wraith (moderately damaged, chance to defeat MR: 27%)
The wraith easily resists.
This wand has 0 charges left.
The wraith misses you.
Evoke which item? (* to show all) (? for menu, Esc to quit)
Aiming: Throw Flame
Press: ? - help, Shift-Dir - straight line, f/p - wraith
Aim: a wraith (moderately damaged)
The puff of flame misses the wraith.
This wand has 13 charges left.
The wraith closely misses you.
Evoke which item? (* to show all) (? for menu, Esc to quit)
That's the wrong kind of item! (Use * to select it.) Evoke which item? (* to show all) (? for menu, Esc to quit)
Huh?
Evoke which item? (* to show all) (? for menu, Esc to quit)
That's the wrong kind of item! (Use * to select it.) Evoke which item? (* to show all) (? for menu, Esc to quit)
Aiming: Throw Flame
Press: ? - help, Shift-Dir - straight line, f/p - wraith
Aim: a wraith (moderately damaged)
The puff of flame hits the wraith.
The wraith appears unharmed.
The wraith is moderately damaged.
This wand has 12 charges left.
The wraith barely misses you.
Evoke which item? (* to show all) (? for menu, Esc to quit)
Aiming: Throw Flame
Press: ? - help, Shift-Dir - straight line, f/p - wraith
Aim: a wraith (moderately damaged)
The puff of flame hits the wraith.
The wraith is heavily damaged.
This wand has 11 charges left.
The wraith hits you.
* * * LOW HITPOINT WARNING * * *
The wraith drains your vigour!
You feel yourself slow down.
Evoke which item? (* to show all) (? for menu, Esc to quit)
Aiming: Throw Flame
Press: ? - help, Shift-Dir - straight line, f/p - wraith
Aim: a wraith (heavily damaged)
The puff of flame hits the wraith.
The wraith is severely damaged.
This wand has 10 charges left.
The wraith hits you but does no damage. The wraith hits you.
* * * LOW HITPOINT WARNING * * *
Are you sure you want to abandon this character and quit the game? (Confirm with "yes".)

####### #.....# #.....#
#.....# ###### #.....# ∆
#....# #....@##..... #######
#....#######W###..... #.....#
#....#.......#.+..... #.....#
#....#.......#.#..... #.....##
#....#...............##.......
#.>...................# #.....
#................#.##.# #.....
##...........#.###..#)###.....
#............................


You could see a wraith.

Vanquished Creatures
  6 two-headed ogres
  The ghost of Edirash the Cleaver, a novice HOFi of Beogh (D:7)
  A cyclops (D:8)
  A queen bee (D:8)
  2 hippogriffs
  A wyvern (D:10)
  A hungry ghost (D:9)
  2 ice beasts
  2 sky beasts
  A black bear (D:10)
  7 orc warriors
  3 phantoms
  3 ogres
  2 centaurs
  2 big kobolds (D:7)
  4 bullfrogs
  A wyvern zombie (D:6)
  A water moccasin skeleton (D:9)
  A scorpion (D:9)
  16 killer bees
  7 howler monkeys
  3 wights (D:8)
  A crimson imp (D:8)
  2 quasits (D:8)
  3 jellies
  11 orc priests
  A centaur skeleton (D:9)
  4 hounds
  Jessica (D:2)
  2 bullfrog skeletons
  3 iguanas
  Natasha (twice) (D:3)
  15 orc wizards
  8 worker ants
  2 worker ant zombies
  9 adders
  An ooze (D:4)
  An adder skeleton (D:4)
  2 worms (D:3)
  2 dart slugs (D:2)
  7 leopard geckos
  46 orcs
  5 bats
  4 giant cockroaches
  6 goblins
  7 hobgoblins
  9 jackals
  3 quokkas
  2 ball pythons
  5 frilled lizards
  14 kobolds
  A quokka zombie (D:6)
  12 rats
259 creatures vanquished.

Vanquished Creatures (others)
  A black bear (D:9)
1 creature vanquished.

Grand Total: 260 creatures vanquished

Notes
Turn   | Place    | Note
-------+----------+-------------------------------------------
     0 | D:1      | tidbits the Gnoll Wanderer began the quest for the Orb.
     0 | D:1      | tidbits set off with: a +2 spear, the Guide on the Mountains, a potion of lignification, a +0 robe, a +0 dagger, a bread ration
     0 | D:1      | Reached XP level 1. HP: 13/13 MP: 8/8
     0 | D:1      | Identified the Guide on the Mountains
     2 | D:1      | Learned a level 1 spell: Sandblast
   127 | D:1      | Reached XP level 2. HP: 14/19 MP: 10/10
   368 | D:2      | Reached XP level 3. HP: 22/25 MP: 11/11
   376 | D:2      | Reached skill level 6 in Stealth
   403 | D:2      | Found a glowing golden altar of the Shining One.
   421 | D:2      | Learned a level 3 spell: Stone Arrow
   422 | D:2      | Noticed Jessica
   427 | D:2      | Killed Jessica
   427 | D:2      | Reached skill level 1 in Fighting
   427 | D:2      | Reached skill level 1 in Short Blades
   427 | D:2      | Reached skill level 1 in Long Blades
   427 | D:2      | Reached skill level 1 in Axes
   427 | D:2      | Reached skill level 1 in Maces & Flails
   427 | D:2      | Reached skill level 1 in Staves
   427 | D:2      | Reached skill level 1 in Slings
   427 | D:2      | Reached skill level 1 in Bows
   427 | D:2      | Reached skill level 1 in Crossbows
   427 | D:2      | Reached skill level 1 in Throwing
   427 | D:2      | Reached skill level 1 in Armour
   427 | D:2      | Reached skill level 1 in Shields
   427 | D:2      | Reached skill level 1 in Unarmed Combat
   427 | D:2      | Reached skill level 1 in Conjurations
   427 | D:2      | Reached skill level 1 in Hexes
   427 | D:2      | Reached skill level 1 in Charms
   427 | D:2      | Reached skill level 1 in Summonings
   427 | D:2      | Reached skill level 1 in Necromancy
   427 | D:2      | Reached skill level 1 in Translocations
   427 | D:2      | Reached skill level 1 in Transmutations
   427 | D:2      | Reached skill level 1 in Fire Magic
   427 | D:2      | Reached skill level 1 in Ice Magic
   427 | D:2      | Reached skill level 1 in Air Magic
   427 | D:2      | Reached skill level 1 in Earth Magic
   427 | D:2      | Reached skill level 1 in Poison Magic
   427 | D:2      | Reached skill level 1 in Invocations
   427 | D:2      | Reached XP level 4. HP: 23/32 MP: 2/13
   782 | D:3      | Noticed Natasha
   787 | D:3      | Found an iron altar of Okawaru.
   796 | D:3      | Killed Natasha
   796 | D:3      | Reached XP level 5. HP: 35/37 MP: 10/14
   828 | D:3      | Noticed Natasha
   836 | D:3      | Killed Natasha
   836 | D:3      | Reached skill level 3 in Polearms
   836 | D:3      | Reached skill level 3 in Evocations
   871 | D:3      | Noticed Natasha
   888 | D:4      | Gained mutation: You are clumsy. (Dex -2) [potion of mutation]
   888 | D:4      | Gained mutation: You have sharp toenails. [potion of mutation]
   888 | D:4      | Gained mutation: Your system is resistant to poisons. (rPois) [potion of mutation]
   888 | D:4      | Gained mutation: Your flesh is cold resistant. (rC+) [potion of mutation]
   889 | D:4      | HP: 2/37 [orc wizard/dagger (4)]
  1030 | D:3      | Reached XP level 6. HP: 37/44 MP: 10/16
  1199 | D:3      | Reached skill level 5 in Dodging
  1203 | D:3      | Reached skill level 2 in Fighting
  1203 | D:3      | Reached skill level 2 in Short Blades
  1203 | D:3      | Reached skill level 2 in Long Blades
  1203 | D:3      | Reached skill level 2 in Axes
  1203 | D:3      | Reached skill level 2 in Maces & Flails
  1203 | D:3      | Reached skill level 2 in Staves
  1203 | D:3      | Reached skill level 2 in Slings
  1203 | D:3      | Reached skill level 2 in Bows
  1203 | D:3      | Reached skill level 2 in Crossbows
  1203 | D:3      | Reached skill level 2 in Throwing
  1203 | D:3      | Reached skill level 2 in Armour
  1203 | D:3      | Reached skill level 2 in Shields
  1203 | D:3      | Reached skill level 2 in Unarmed Combat
  1203 | D:3      | Reached skill level 2 in Conjurations
  1203 | D:3      | Reached skill level 2 in Hexes
  1203 | D:3      | Reached skill level 2 in Charms
  1203 | D:3      | Reached skill level 2 in Summonings
  1203 | D:3      | Reached skill level 2 in Necromancy
  1203 | D:3      | Reached skill level 2 in Translocations
  1203 | D:3      | Reached skill level 2 in Transmutations
  1203 | D:3      | Reached skill level 2 in Fire Magic
  1203 | D:3      | Reached skill level 2 in Ice Magic
  1203 | D:3      | Reached skill level 2 in Air Magic
  1203 | D:3      | Reached skill level 2 in Earth Magic
  1203 | D:3      | Reached skill level 2 in Poison Magic
  1203 | D:3      | Reached skill level 2 in Invocations
  1364 | D:5      | Entered Level 5 of the Dungeon
  1422 | D:5      | Reached XP level 7. HP: 50/50 MP: 18/18
  1491 | D:4      | Found a radiant altar of Vehumet.
  1491 | D:4      | Found a hide-covered altar of Uskayaw.
  1493 | D:4      | Found a deep blue altar of Sif Muna.
  1493 | D:4      | Found a shattered altar of Ashenzari.
  1562 | D:4      | Found a staircase to the Ecumenical Temple.
  1566 | Temple   | Entered the Ecumenical Temple
  1628 | Temple   | Became a worshipper of Makhleb the Destroyer
  1857 | D:5      | Reached XP level 8. HP: 49/57 MP: 13/19
  1926 | D:5      | Reached skill level 3 in Fighting
  1926 | D:5      | Reached skill level 3 in Short Blades
  1926 | D:5      | Reached skill level 3 in Long Blades
  1926 | D:5      | Reached skill level 3 in Axes
  1926 | D:5      | Reached skill level 3 in Maces & Flails
  1926 | D:5      | Reached skill level 4 in Polearms
  1926 | D:5      | Reached skill level 3 in Staves
  1926 | D:5      | Reached skill level 3 in Slings
  1926 | D:5      | Reached skill level 3 in Bows
  1926 | D:5      | Reached skill level 3 in Crossbows
  1926 | D:5      | Reached skill level 3 in Throwing
  1926 | D:5      | Reached skill level 3 in Armour
  1926 | D:5      | Reached skill level 3 in Shields
  1926 | D:5      | Reached skill level 3 in Unarmed Combat
  1926 | D:5      | Reached skill level 3 in Conjurations
  1926 | D:5      | Reached skill level 3 in Hexes
  1926 | D:5      | Reached skill level 3 in Charms
  1926 | D:5      | Reached skill level 3 in Summonings
  1926 | D:5      | Reached skill level 3 in Necromancy
  1926 | D:5      | Reached skill level 3 in Translocations
  1926 | D:5      | Reached skill level 3 in Transmutations
  1926 | D:5      | Reached skill level 3 in Fire Magic
  1926 | D:5      | Reached skill level 3 in Ice Magic
  1926 | D:5      | Reached skill level 3 in Air Magic
  1926 | D:5      | Reached skill level 3 in Earth Magic
  1926 | D:5      | Reached skill level 3 in Poison Magic
  1926 | D:5      | Reached skill level 3 in Invocations
  1926 | D:5      | Reached skill level 4 in Evocations
  1934 | D:5      | Found a blossoming altar of Fedhas.
  2008 | D:7      | Noticed Edirash's ghost (novice HOFi)
  2050 | D:7      | Killed Edirash's ghost
  2050 | D:7      | Reached skill level 7 in Stealth
  2050 | D:7      | Reached skill level 8 in Spellcasting
  2121 | D:6      | Reached skill level 6 in Dodging
  2121 | D:6      | Reached XP level 9. HP: 15/65 MP: 21/21
  2169 | D:6      | Reached * piety under Makhleb
  2324 | D:7      | Found a white marble altar of Elyvilon.
  2372 | D:7      | Reached skill level 4 in Fighting
  2372 | D:7      | Reached skill level 4 in Short Blades
  2372 | D:7      | Reached skill level 4 in Long Blades
  2372 | D:7      | Reached skill level 4 in Axes
  2372 | D:7      | Reached skill level 4 in Maces & Flails
  2372 | D:7      | Reached skill level 4 in Staves
  2372 | D:7      | Reached skill level 4 in Slings
  2372 | D:7      | Reached skill level 4 in Bows
  2372 | D:7      | Reached skill level 4 in Crossbows
  2372 | D:7      | Reached skill level 4 in Throwing
  2372 | D:7      | Reached skill level 4 in Armour
  2372 | D:7      | Reached skill level 4 in Shields
  2372 | D:7      | Reached skill level 4 in Unarmed Combat
  2372 | D:7      | Reached skill level 4 in Conjurations
  2372 | D:7      | Reached skill level 4 in Hexes
  2372 | D:7      | Reached skill level 4 in Charms
  2372 | D:7      | Reached skill level 4 in Summonings
  2372 | D:7      | Reached skill level 4 in Necromancy
  2372 | D:7      | Reached skill level 4 in Translocations
  2372 | D:7      | Reached skill level 4 in Transmutations
  2372 | D:7      | Reached skill level 4 in Fire Magic
  2372 | D:7      | Reached skill level 4 in Ice Magic
  2372 | D:7      | Reached skill level 4 in Air Magic
  2372 | D:7      | Reached skill level 4 in Earth Magic
  2372 | D:7      | Reached skill level 4 in Poison Magic
  2372 | D:7      | Reached skill level 4 in Invocations
  2586 | D:7      | Reached skill level 5 in Polearms
  2586 | D:7      | Reached skill level 5 in Evocations
  2619 | D:7      | Found an opulent altar of Gozag.
  2875 | D:8      | Noticed a two-headed ogre
  2880 | D:8      | Killed a two-headed ogre
  2976 | D:8      | Reached XP level 10. HP: 50/73 MP: 3/22
  3041 | D:8      | Reached ** piety under Makhleb
  3165 | D:9      | Got a crude ring mail
  3223 | D:8      | Identified the +3 ring mail "Daappiri" {Str-3 Int+7} (You found it on level 9 of the Dungeon)
  3257 | D:8      | Noticed a cyclops
  3269 | D:8      | Killed a cyclops
  3269 | D:8      | Reached skill level 5 in Fighting
  3269 | D:8      | Reached skill level 5 in Short Blades
  3269 | D:8      | Reached skill level 5 in Long Blades
  3269 | D:8      | Reached skill level 5 in Axes
  3269 | D:8      | Reached skill level 5 in Maces & Flails
  3269 | D:8      | Reached skill level 5 in Staves
  3269 | D:8      | Reached skill level 5 in Slings
  3269 | D:8      | Reached skill level 5 in Bows
  3269 | D:8      | Reached skill level 5 in Crossbows
  3269 | D:8      | Reached skill level 5 in Throwing
  3269 | D:8      | Reached skill level 5 in Armour
  3269 | D:8      | Reached skill level 5 in Shields
  3269 | D:8      | Reached skill level 5 in Unarmed Combat
  3269 | D:8      | Reached skill level 5 in Conjurations
  3269 | D:8      | Reached skill level 5 in Hexes
  3269 | D:8      | Reached skill level 5 in Charms
  3269 | D:8      | Reached skill level 5 in Summonings
  3269 | D:8      | Reached skill level 5 in Necromancy
  3269 | D:8      | Reached skill level 5 in Translocations
  3269 | D:8      | Reached skill level 5 in Transmutations
  3269 | D:8      | Reached skill level 5 in Fire Magic
  3269 | D:8      | Reached skill level 5 in Ice Magic
  3269 | D:8      | Reached skill level 5 in Air Magic
  3269 | D:8      | Reached skill level 5 in Earth Magic
  3269 | D:8      | Reached skill level 5 in Poison Magic
  3269 | D:8      | Reached skill level 5 in Invocations
  3272 | D:8      | Found the +2 cloak of the Thief {+Fog Slay-2 SInv Stlth+}
  3328 | D:8      | Reached skill level 8 in Stealth
  3344 | D:8      | Reached skill level 7 in Dodging
  3371 | D:8      | Reached skill level 9 in Spellcasting
  3574 | D:9      | Found a sparkling altar of Nemelex Xobeh.
  3604 | D:9      | Reached skill level 6 in Polearms
  3604 | D:9      | Reached skill level 6 in Evocations
  3681 | D:9      | Noticed a two-headed ogre
  3688 | D:9      | Killed a two-headed ogre
  3759 | D:9      | Reached XP level 11. HP: 81/81 MP: 8/24
  3825 | D:9      | Reached *** piety under Makhleb
  3865 | D:9      | Noticed a two-headed ogre
  3904 | D:9      | Killed a two-headed ogre
  3930 | D:9      | Found a roughly hewn altar of Beogh.
  4025 | D:9      | Reached skill level 6 in Fighting
  4025 | D:9      | Reached skill level 6 in Short Blades
  4025 | D:9      | Reached skill level 6 in Long Blades
  4025 | D:9      | Reached skill level 6 in Axes
  4025 | D:9      | Reached skill level 6 in Maces & Flails
  4025 | D:9      | Reached skill level 6 in Staves
  4025 | D:9      | Reached skill level 6 in Slings
  4025 | D:9      | Reached skill level 6 in Bows
  4025 | D:9      | Reached skill level 6 in Crossbows
  4025 | D:9      | Reached skill level 6 in Throwing
  4025 | D:9      | Reached skill level 6 in Armour
  4025 | D:9      | Reached skill level 6 in Shields
  4025 | D:9      | Reached skill level 6 in Unarmed Combat
  4025 | D:9      | Reached skill level 6 in Conjurations
  4025 | D:9      | Reached skill level 6 in Hexes
  4025 | D:9      | Reached skill level 6 in Charms
  4025 | D:9      | Reached skill level 6 in Summonings
  4025 | D:9      | Reached skill level 6 in Necromancy
  4025 | D:9      | Reached skill level 6 in Translocations
  4025 | D:9      | Reached skill level 6 in Transmutations
  4025 | D:9      | Reached skill level 6 in Fire Magic
  4025 | D:9      | Reached skill level 6 in Ice Magic
  4025 | D:9      | Reached skill level 6 in Air Magic
  4025 | D:9      | Reached skill level 6 in Earth Magic
  4025 | D:9      | Reached skill level 6 in Poison Magic
  4025 | D:9      | Reached skill level 6 in Invocations
  4051 | D:10     | Entered Level 10 of the Dungeon
  4115 | D:10     | Noticed a two-headed ogre
  4155 | D:10     | Noticed a two-headed ogre
  4160 | D:10     | Killed a two-headed ogre
  4347 | D:10     | Noticed a two-headed ogre
  4348 | D:10     | Noticed a two-headed ogre
  4364 | D:10     | Killed a two-headed ogre
  4366 | D:10     | Killed a two-headed ogre
  4555 | D:10     | Reached **** piety under Makhleb
  4621 | D:10     | Quit the game

Vault maps used:
D:1:      minmay_arrival_diagonal_passages
D:2:      nicolae_overflow_hidden_temple, uniq_jessica
D:3:      lemuel_crystal_altar, uniq_natasha
D:4:      grunt_temple_overflow_open, minmay_temple_entry_grid
D:5:      lemuel_doored_altar, first_bread, uniq_pikel, uniq_prince_ribbit1
D:7:      overflow_temple_1_default,
          nicolae_gozag_cash_rules_everything_around_me
D:8:      wad_crossroads, david_nohive_1, kennysheep_just_a_vault
D:9:      nemelex_altar_shiori, special_room
D:10:     minmay_lair_entry_lava, cheibriados_altar_1
Temple:   minmay_temple_forest_path

Skill      XL: |  1  2  3  4  5  6  7  8  9 10 11 |
---------------+----------------------------------+-----
Stealth        | 6 7 8 |  8.9
Fighting       | 1 2 3 4 5 6 |  6.4
Short Blades   | 1 2 3 4 5 6 |  6.4
Long Blades    | 1 2 3 4 5 6 |  6.4
Axes           | 1 2 3 4 5 6 |  6.4
Maces & Flails | 1 2 3 4 5 6 |  6.4
Staves         | 1 2 3 4 5 6 |  6.4
Slings         | 1 2 3 4 5 6 |  6.4
Bows           | 1 2 3 4 5 6 |  6.4
Crossbows      | 1 2 3 4 5 6 |  6.4
Throwing       | 1 2 3 4 5 6 |  6.4
Armour         | 1 2 3 4 5 6 |  6.4
Shields        | 1 2 3 4 5 6 |  6.4
Unarmed Combat | 1 2 3 4 5 6 |  6.4
Conjurations   | 1 2 3 4 5 6 |  6.4
Hexes          | 1 2 3 4 5 6 |  6.4
Charms         | 1 2 3 4 5 6 |  6.4
Summonings     | 1 2 3 4 5 6 |  6.4
Necromancy     | 1 2 3 4 5 6 |  6.4
Translocations | 1 2 3 4 5 6 |  6.4
Transmutations | 1 2 3 4 5 6 |  6.4
Fire Magic     | 1 2 3 4 5 6 |  6.4
Ice Magic      | 1 2 3 4 5 6 |  6.4
Air Magic      | 1 2 3 4 5 6 |  6.4
Earth Magic    | 1 2 3 4 5 6 |  6.4
Poison Magic   | 1 2 3 4 5 6 |  6.4
Invocations    | 1 2 3 4 5 6 |  6.4
Polearms       | 3 4 5 6 |  6.9
Evocations     | 3 4 5 6 |  6.9
Dodging        | 5 6 7 |  7.9
Spellcasting   | 8 9 |  9.6

Action                   |  1- 3 |  4- 6 |  7- 9 | 10-12 || total
-------------------------+-------+-------+-------+-------++-------
Melee: Spear             |    35 |       |       |       ||    35
       Bite              |     5 |    15 |    12 |    43 ||    75
       Dagger            |    28 |   129 |   128 |   271 ||   556
       Punch             |     1 |     2 |       |       ||     3
       Kick              |       |    23 |    46 |    86 ||   155
       Unarmed           |       |       |    28 |       ||    28
       Mace              |       |       |    14 |     4 ||    18
       Trident           |       |       |       |    27 ||    27
       Flail             |       |       |       |    18 ||    18
Throw: Tomahawk          |       |       |       |    55 ||    55
 Cast: Stone Arrow       |     1 |    16 |    39 |    63 ||   119
       Sandblast         |       |    30 |    28 |    17 ||    75
 Abil: Evoke Fog         |       |       |       |     1 ||     1
Evoke: Wand              |       |       |       |    38 ||    38
  Use: Potion            |       |     5 |     3 |       ||     8
       Scroll            |       |     4 |     5 |     4 ||    13
 Stab: Sleeping          |     6 |     4 |     6 |     2 ||    18
       Confused          |       |       |       |     4 ||     4
  Eat: Chunk             |       |     3 |     6 |     3 ||    12
       Fruit             |       |       |       |     4 ||     4
Armor: Robe              |    11 |    10 |    26 |     5 ||    52
       Skin              |       |    17 |    16 |       ||    33
       Ring mail         |       |       |       |    87 ||    87
Dodge: Dodged            |    53 |    90 |    70 |   172 ||   385
Block: Buckler           |       |     2 |    29 |    77 ||   108

Table legend:
 A = Spawn XP
 B = Non-spawn XP
 C = Spawn XP percentage of total XP
 D = Spawn monster count
 E = Non-spawn monster count
 F = Spawn count percentage of total count
 G = Total turns spent on level
                    A         B        C        D         E        F      G
               +---------+---------+-------+---------+---------+-------+---------
         Total |       0 |   15312 |   0.0 |       0 |     259 |   0.0 |  4621
               +---------+---------+-------+---------+---------+-------+---------
           D:1 |       0 |      27 |   0.0 |       0 |      18 |   0.0 |   368
           D:2 |       0 |     127 |   0.0 |       0 |      26 |   0.0 |   416
           D:3 |       0 |     288 |   0.0 |       0 |      38 |   0.0 |   490
           D:4 |       0 |     484 |   0.0 |       0 |      20 |   0.0 |   344
           D:5 |       0 |     519 |   0.0 |       0 |      14 |   0.0 |   244
           D:6 |       0 |     625 |   0.0 |       0 |      14 |   0.0 |   276
           D:7 |       0 |    1355 |   0.0 |       0 |      18 |   0.0 |   474
           D:8 |       0 |    3669 |   0.0 |       0 |      35 |   0.0 |   707
           D:9 |       0 |    4297 |   0.0 |       0 |      47 |   0.0 |   771
          D:10 |       0 |    3921 |   0.0 |       0 |      29 |   0.0 |   429
               +---------+---------+-------+---------+---------+-------+---------

Table legend:
 A = Turns spent in this place as a percentage of turns spent in the entire game.
 B = Non-inter-level travel turns spent in this place as a percentage of non-inter-level travel turns spent in the entire game.
 C = Inter-level travel turns spent in this place as a percentage of turns spent in this place.
 D = Turns resting spent in this place as a percentage of non-inter-level travel turns spent in this place.
 E = Turns spent auto-exploring this place as a percentage of non-inter-level travel turns spent in this place.
 F = Non-inter-level travel turns spent in this place divided by the number of levels of this place that you've seen.
                   A       B       C       D       E      F
               +-------+-------+-------+-------+-------+----------------------
         Total | 100.0 | 100.0 |   5.0 |   0.0 |   0.8 | 399.3
       Dungeon |  97.8 |  98.5 |   4.2 |   0.0 |   0.0 | 432.8
        Temple |   2.2 |   1.5 |  37.3 |   0.0 |  54.7 |  64.0
               +-------+-------+-------+-------+-------+----------------------

Table legend:
 A = Kills in this place as a percentage of kills in entire the game.
 B = Kills by you in this place as a percentage of kills by you in the entire game.
 C = Kills by friends in this place as a percentage of kills by friends in the entire game.
 D = Other kills in this place as a percentage of other kills in the entire game.
 E = Experience gained in this place as a percentage of experience gained in the entire game.
 F = Experience gained in this place divided by the number of levels of this place that you have seen.
                   A       B       C       D       E      F
               +-------+-------+-------+-------+-------+----------------------
         Total | 100.0 | 100.0 |   N/A | 100.0 | 100.0 | 1392.0
       Dungeon | 100.0 | 100.0 |   N/A | 100.0 | 100.0 | 1531.2
               +-------+-------+-------+-------+-------+----------------------

Vault maps used:
D:1:      minmay_arrival_diagonal_passages
D:2:      nicolae_overflow_hidden_temple, uniq_jessica
D:3:      lemuel_crystal_altar, uniq_natasha
D:4:      grunt_temple_overflow_open, minmay_temple_entry_grid
D:5:      lemuel_doored_altar, first_bread, uniq_pikel, uniq_prince_ribbit1
D:7:      overflow_temple_1_default,
          nicolae_gozag_cash_rules_everything_around_me
D:8:      wad_crossroads, david_nohive_1, kennysheep_just_a_vault
D:9:      nemelex_altar_shiori, special_room
D:10:     minmay_lair_entry_lava, cheibriados_altar_1
Temple:   minmay_temple_forest_path
